Sharks vs Flames
(R1)
Created - 20 avril 2015 at 19:01
Goals
|
| Sharks |
1 |
3 |
1 |
5 |
| Flames |
3 |
1 |
2 |
6 |
|
Shots
|
| Sharks |
9 |
10 |
13 |
32 |
| Flames |
18 |
8 |
15 |
41 |
|
1st period
1. Sharks , Dany Heatley 2 (Antoine Vermette, Daniel Alfredsson) at 2:38
2. Flames , Milan Hejduk 2 (Mark Bell) at 8:35
3. Flames , Steve Regier 2 (Marcel Goc, Jordin Tootoo) at 10:57
4. Flames , Milan Hejduk 3 (Michal Handzus, Mark Bell) at 14:10
Penalties :
Daniel Alfredsson (SJS) for Diving (Minor) at 15:58
2nd period
5. Sharks , Lasse Kukkonen 1 (Alex Pietrangelo, Mike Brodeur) at 0:28 (PP)
6. Sharks , Ted Purcell 1 (Paul Gaustad, Markus Naslund) at 0:40
7. Flames , Craig Adams 1 (Patrik Berglund) at 5:17
8. Sharks , Markus Naslund 3 (Dany Heatley, Ted Purcell) at 17:54
Penalties :
Steve Eminger (Cal) for Interference (Minor) at 0:12, Eric Staal (Cal) for Hooking (Minor) at 2:17, Dany Heatley (SJS) for Elbowing (Minor) at 5:25, Johnny Boychuk (SJS) for Hooking (Minor) at 12:41, Jordin Tootoo (Cal) for Holding Stick (Minor) at 15:12, David Backes (Cal) for Interference (Minor) at 18:07
3rd period
9. Flames , Alexander Semin 1 (Eric Staal, David Backes) at 0:32
10. Flames , Marcel Goc 3 (Erik Johnson) at 5:28
11. Sharks , Johnny Boychuk 1 (Niklas Sundstrom, Adam Mair) at 14:25
Penalties :
Adam Mair (SJS) for Hooking (Minor) at 3:10, Paul Gaustad (SJS) for Roughing (Minor) at 8:00, Michal Handzus (Cal) for Hooking (Minor) at 11:35
Goalie Stats
Mike Brodeur (SJS), 35 saves from 41 shots - (0,854), L, 2-2-0, 58:46 minutes
Craig Anderson (Cal), 27 saves from 32 shots - (0,844), W, 1-0-0, 60:00 minutes
Players Stats for Sharks
Player Name G A P +/- PIM S H SB GA TA FO MP PP MP PK MP
------------------------------------------------------------------------------------
Adam Mair 0 1 1 1 2 3 1 0 0 0 4/5 12:08 0:47 1:51
Alex Pietrangelo 0 1 1 -2 0 4 0 0 0 0 0/0 23:20 5:01 1:59
Antoine Vermette 0 1 1 0 0 0 0 0 0 0 5/6 4:03 0:00 0:00
Brandon Yip 0 0 0 -3 0 1 1 0 0 0 2/4 12:39 0:00 0:00
Daniel Alfredsson 0 1 1 0 2 1 2 0 1 0 1/2 20:32 3:18 2:46
Dany Heatley 1 1 2 1 2 3 2 1 1 0 3/3 24:14 4:54 3:44
David Hale 0 0 0 0 0 2 0 0 0 1 0/0 19:12 0:00 3:39
Francis Bouillon 0 0 0 0 0 0 0 1 0 0 0/0 12:41 3:11 0:00
Joe Sakic 0 0 0 -3 0 2 2 1 0 0 2/9 16:43 3:18 4:46
Johnny Boychuk 1 0 1 1 2 3 0 1 0 1 0/0 23:42 3:11 4:17
Lasse Kukkonen 1 0 1 -2 0 1 0 3 0 0 0/0 28:07 5:01 6:16
Markus Naslund 1 1 2 0 0 2 2 0 0 0 3/9 16:24 4:07 1:55
Martin Samuelsson 0 0 0 1 0 2 2 0 0 0 1/1 12:20 0:00 4:05
Niklas Sundstrom 0 1 1 1 0 2 0 0 0 0 0/0 8:04 0:00 0:00
Paul Gaustad 0 1 1 -1 2 2 2 0 0 0 14/25 18:31 3:18 0:32
Shaone Morrisonn 0 0 0 -1 0 0 0 0 0 0 0/0 12:57 0:00 3:39
Ted Purcell 1 1 2 0 0 4 1 1 0 0 1/1 15:16 4:54 0:00
Tuomo Ruutu 0 0 0 -3 0 0 3 0 0 0 0/0 9:07 0:00 0:11
Players Stats for Flames
Player Name G A P +/- PIM S H SB GA TA FO MP PP MP PK MP
------------------------------------------------------------------------------------
Alexander Semin 1 0 1 0 0 7 1 1 0 0 1/3 22:41 6:07 1:44
Craig Adams 1 0 1 0 0 3 0 0 0 0 0/0 8:51 0:00 1:30
David Backes 0 1 1 0 2 5 1 1 0 0 2/3 22:06 6:07 2:02
Derek Meech 0 0 0 -1 0 1 0 2 0 0 0/0 20:12 3:28 3:09
Eric Staal 0 1 1 0 2 7 2 1 1 0 19/43 24:08 6:07 3:22
Erik Johnson 0 1 1 3 0 1 1 3 0 0 0/0 26:29 5:38 5:31
Filip Kuba 0 0 0 1 0 1 1 2 0 0 0/0 8:01 0:40 0:16
Jordin Tootoo 0 1 1 0 2 3 4 0 0 0 0/0 14:37 0:00 3:48
Marcel Goc 1 1 2 1 0 2 0 0 0 0 4/8 12:02 0:00 1:56
Mark Bell 0 2 2 1 0 1 1 0 1 1 0/0 15:38 3:48 1:10
Michal Handzus 0 1 1 0 2 1 5 0 0 0 3/8 13:05 0:00 0:52
Mikhail Grabovski 0 0 0 1 0 0 2 1 0 0 0/0 6:38 0:00 0:00
Milan Hejduk 2 0 2 1 0 4 0 1 0 0 0/0 14:08 3:48 0:00
Patrik Berglund 0 1 1 1 0 1 1 0 0 0 0/0 8:58 3:48 0:00
Ron Hainsey 0 0 0 -2 0 0 1 1 0 0 0/0 14:17 3:42 1:20
Steve Eminger 0 0 0 1 2 0 1 0 0 1 0/0 25:22 0:00 5:21
Steve Regier 1 0 1 1 0 2 0 0 0 0 0/0 9:41 0:00 0:00
Tomas Kaberle 0 0 0 2 0 2 1 1 0 0 0/0 24:49 6:22 0:47
3 Stars
1 - Milan Hejduk (Cal)
2 - Marcel Goc (Cal)
3 - Markus Naslund (SJS)
Power Play
Sharks - 1 on 5 Attempt(s) - 20,00%
Flames - 0 on 5 Attempt(s) - 0,00%
Penalty Kill
Sharks - 5 on 5 Attempt(s) - 100,00%
- Score 0 goal in Penalty Kill
Flames - 4 on 5 Attempt(s) - 80,00%
- Score 0 goal in Penalty Kill
Team Stat
Sharks - Hits : 18 - Faceoff Wins : 36 - Blocked Shots : 8 - Penalty Minutes : 10
Flames - Hits : 22 - Faceoff Wins : 29 - Blocked Shots : 14 - Penalty Minutes : 10
Official
Referees : Auger Stephane and O'Rourke Dan
Linesman : Tony Sericolo and Brian Murphy
Game Notes
Antoine Vermette is injured at 11:24 of 1st period (Back)
Filip Kuba is injured at 1:55 of 2nd period (Facial Surgery)
Finance
Level 1 -- Attendance: 6000 (100,00%) -- Ticket Income 522 000 $
Level 2 -- Attendance: 4520 (90,40%) -- Ticket Income 275 720 $
Level 3 -- Attendance: 1537 (76,85%) -- Ticket Income 56 869 $
Level 4 -- Attendance: 3084 (77,10%) -- Ticket Income 83 268 $
Luxury Box -- Attendance: 798 (79,80%) -- Ticket Income 168 378 $
Game was played at the Metal Center'
Total Attendance: 15939 (88,55%)
Total Ticket Income: 1 106 235 $
Other Income: 165 935 $
Total Income: 1 272 170 $
Sharks
5 vs 5 Forward
Center Left Wing Right Wing Time % Phy DF OF
1 Antoine Vermette Dany Heatley Daniel Alfredsson 40 1 2 2
2 Paul Gaustad Markus Naslund Ted Purcell 30 1 2 2
3 Joe Sakic Tuomo Ruutu Brandon Yip 20 1 2 2
4 Adam Mair Martin Samuelsson Niklas Sundstrom 10 1 2 2
5 vs 5 Defense
Defense Defense Time % Phy DF OF
1 David Hale Johnny Boychuk 40 1 2 2
2 Lasse Kukkonen Alex Pietrangelo 30 1 2 2
3 Shaone Morrisonn Francis Bouillon 20 1 2 2
4 Lasse Kukkonen Alex Pietrangelo 10 1 2 2
PowerPlay Forward
Center Left Wing Right Wing Time % Phy DF OF
1 Antoine Vermette Dany Heatley Ted Purcell 60 1 2 2
2 Paul Gaustad Joe Sakic Daniel Alfredsson 40 1 2 2
PowerPlay Defense
Defense Defense Time % Phy DF OF
1 Lasse Kukkonen Alex Pietrangelo 60 1 2 2
2 Francis Bouillon Johnny Boychuk 40 1 2 2
Penalty Kill 4 Players Forward
Center Wing Time % Phy DF OF
1 Joe Sakic Dany Heatley 60 1 4 0
2 Daniel Alfredsson Martin Samuelsson 40 1 4 0
Penalty Kill 4 Players Defense
Defense Defense Time % Phy DF OF
1 Lasse Kukkonen Johnny Boychuk 60 1 4 0
2 David Hale Shaone Morrisonn 40 1 4 0
Penalty Kill - 3 Players Forward
Forward Time % Phy DF OF
1 Joe Sakic 60 1 4 0
2 Martin Samuelsson 40 1 4 0
Penalty Kill - 3 Players Defense
Defense Defense Time % Phy DF OF
1 Lasse Kukkonen Johnny Boychuk 60 1 4 0
2 David Hale Shaone Morrisonn 40 1 4 0
4 vs 4 Forward
Center Wing Time % Phy DF OF
1 Daniel Alfredsson Dany Heatley 60 1 2 2
2 Paul Gaustad Markus Naslund 40 1 2 2
4 vs 4 Defense
Defense Defense Time % Phy DF OF
1 Lasse Kukkonen Alex Pietrangelo 60 1 2 2
2 Johnny Boychuk David Hale 40 1 2 2
Last Minutes Offensive
Center Left Wing Right Wing Defense Defense
Antoine Vermette Dany Heatley Daniel Alfredsson Lasse Kukkonen Alex Pietrangelo
Last Minutes Defensive
Center Left Wing Right Wing Defense Defense
Paul Gaustad Markus Naslund Joe Sakic Johnny Boychuk Shaone Morrisonn
Goaltenders
Starting : Mike Brodeur
Backup : Tyler Weiman
Extra Forwards
Normal : Antoine Vermette, Paul Gaustad, Brandon Yip - PP : Ted Purcell, Markus Naslund - PK : Dany Heatley
Extra Defensemen
Normal : Johnny Boychuk, Shaone Morrisonn, David Hale - PP : David Hale - PK : Alex Pietrangelo, Francis Bouillon
Penalty Shots
Dany Heatley, Ted Purcell, Tuomo Ruutu, Markus Naslund, Daniel Alfredsson
Flames
5 vs 5 Forward
Center Left Wing Right Wing Time % Phy DF OF
1 Eric Staal Alexander Semin David Backes 40 1 2 2
2 Michal Handzus Mark Bell Milan Hejduk 30 1 2 2
3 Marcel Goc Steve Regier Jordin Tootoo 20 1 2 2
4 Patrik Berglund Mikhail Grabovski Craig Adams 10 1 2 2
5 vs 5 Defense
Defense Defense Time % Phy DF OF
1 Tomas Kaberle Steve Eminger 40 1 2 2
2 Filip Kuba Erik Johnson 30 1 2 2
3 Derek Meech Ron Hainsey 20 1 2 2
4 Filip Kuba Steve Eminger 10 1 2 2
PowerPlay Forward
Center Left Wing Right Wing Time % Phy DF OF
1 Eric Staal Alexander Semin David Backes 60 1 2 2
2 Patrik Berglund Mark Bell Milan Hejduk 40 1 2 2
PowerPlay Defense
Defense Defense Time % Phy DF OF
1 Tomas Kaberle Erik Johnson 60 1 2 2
2 Filip Kuba Ron Hainsey 40 1 2 2
Penalty Kill 4 Players Forward
Center Wing Time % Phy DF OF
1 Eric Staal Jordin Tootoo 60 1 3 1
2 Michal Handzus Craig Adams 40 1 3 1
Penalty Kill 4 Players Defense
Defense Defense Time % Phy DF OF
1 Filip Kuba Steve Eminger 60 1 3 1
2 Tomas Kaberle Erik Johnson 40 1 3 1
Penalty Kill - 3 Players Forward
Forward Time % Phy DF OF
1 Michal Handzus 60 1 4 0
2 Craig Adams 40 1 4 0
Penalty Kill - 3 Players Defense
Defense Defense Time % Phy DF OF
1 Filip Kuba Steve Eminger 60 1 4 0
2 Tomas Kaberle Erik Johnson 40 1 4 0
4 vs 4 Forward
Center Wing Time % Phy DF OF
1 Eric Staal Alexander Semin 60 1 2 2
2 Patrik Berglund David Backes 40 1 2 2
4 vs 4 Defense
Defense Defense Time % Phy DF OF
1 Filip Kuba Steve Eminger 60 1 2 2
2 Tomas Kaberle Erik Johnson 40 1 2 2
Last Minutes Offensive
Center Left Wing Right Wing Defense Defense
Eric Staal Alexander Semin David Backes Tomas Kaberle Steve Eminger
Last Minutes Defensive
Center Left Wing Right Wing Defense Defense
Eric Staal Alexander Semin David Backes Filip Kuba Steve Eminger
Goaltenders
Starting : Craig Anderson
Backup : Pekka Rinne
Extra Forwards
Normal : Alexander Semin, Jordin Tootoo, Michal Handzus - PP : Mark Bell, Milan Hejduk - PK : David Backes
Extra Defensemen
Normal : Erik Johnson, Tomas Kaberle, Derek Meech - PP : Tomas Kaberle - PK : Erik Johnson, Filip Kuba
Penalty Shots
Eric Staal, Alexander Semin, David Backes, Milan Hejduk, Mark Bell
% Time on Ice - Sharks
Lines # - Real PCT - Wanted PCT - Time Play
Normal Forward
1 - 35% - 40% - 14:22
2 - 24% - 30% - 9:47
3 - 21% - 20% - 8:25
4 - 20% - 10% - 8:04
Normal Defense
1 - 41% - 40% - 16:46
2 - 31% - 30% - 12:46
3 - 22% - 20% - 8:47
4 - 6% - 10% - 2:19
PP Forward
1 - 60% - 60% - 4:54
2 - 40% - 40% - 3:18
PP Defense
1 - 61% - 60% - 5:01
2 - 39% - 40% - 3:11
PK Forward
1 - 67% - 60% - 6:36
2 - 33% - 40% - 3:19
PK Defense
1 - 63% - 60% - 6:16
2 - 37% - 40% - 3:39
PK3 Forward
1 - 0% - 60%
2 - 0% - 40%
PK3 Defense
1 - 0% - 60%
2 - 0% - 40%
44 Forward
1 - 0% - 60%
2 - 0% - 40%
44 Defense
1 - 0% - 60%
2 - 0% - 40%
Last Minute Offensive - 1:15
Last Minute Defensive - 0:00
Total
Forward - 60:00
Defense - 60:00
|
% Time on Ice - Flames
Lines # - Real PCT - Wanted PCT - Time Play
Normal Forward
1 - 34% - 40% - 13:50
2 - 27% - 30% - 11:03
3 - 24% - 20% - 9:41
4 - 16% - 10% - 6:38
Normal Defense
1 - 36% - 40% - 14:46
2 - 29% - 30% - 12:04
3 - 17% - 20% - 7:04
4 - 18% - 10% - 7:18
PP Forward
1 - 62% - 60% - 6:07
2 - 38% - 40% - 3:48
PP Defense
1 - 62% - 60% - 6:06
2 - 38% - 40% - 3:49
PK Forward
1 - 82% - 60% - 6:42
2 - 18% - 40% - 1:30
PK Defense
1 - 90% - 60% - 7:25
2 - 10% - 40% - 0:47
PK3 Forward
1 - 0% - 60%
2 - 0% - 40%
PK3 Defense
1 - 0% - 60%
2 - 0% - 40%
44 Forward
1 - 0% - 60%
2 - 0% - 40%
44 Defense
1 - 0% - 60%
2 - 0% - 40%
Last Minute Offensive - 0:00
Last Minute Defensive - 0:41
Total
Forward - 60:00
Defense - 60:00
|
Play by Play
1st period
0:01 of 1st period - Antoine Vermette wins face-off versus Eric Staal in neutral zone.
0:04 of 1st period - Steve Eminger is hit by Dany Heatley and loses puck.
0:38 of 1st period - Slapshot by Mark Bell.
0:38 of 1st period - Shot Misses the Net.
0:55 of 1st period - Icing by Alex Pietrangelo.
0:56 of 1st period - Marcel Goc wins face-off versus Joe Sakic in Sharks zone.
1:23 of 1st period - Snap shot by Brandon Yip.
1:23 of 1st period - Deflect By Joe Sakic.
1:23 of 1st period - Stopped by Craig Anderson without a rebound.
1:24 of 1st period - Antoine Vermette wins face-off versus Eric Staal in Flames zone.
1:31 of 1st period - Wrist shot by Antoine Vermette.
1:31 of 1st period - Shot Misses the Net.
2:20 of 1st period - Ted Purcell is hit by Mark Bell.
2:38 of 1st period - Wrist shot by Dany Heatley.
2:38 of 1st period - Goal by Dany Heatley - Sharks : 1 - Flames : 0.
2:39 of 1st period - Dany Heatley wins face-off versus Eric Staal in neutral zone.
2:42 of 1st period - Snap shot by Antoine Vermette.
2:42 of 1st period - Shot Misses the Net.
2:44 of 1st period - Wrist shot by Dany Heatley.
2:44 of 1st period - Shot Misses the Net.
2:46 of 1st period - Slapshot by Alex Pietrangelo.
2:46 of 1st period - Stopped by Craig Anderson without a rebound.
2:47 of 1st period - Antoine Vermette wins face-off versus Eric Staal in Flames zone.
2:56 of 1st period - Slapshot by Antoine Vermette.
2:56 of 1st period - Shot Blocked by Filip Kuba.
3:41 of 1st period - Wrist shot by Adam Mair.
3:41 of 1st period - Stopped by Craig Anderson with a rebound.
3:53 of 1st period - Filip Kuba is hit by Tuomo Ruutu and loses puck.
4:20 of 1st period - Backhand shot by Eric Staal.
4:20 of 1st period - Shot Misses the Net.
4:22 of 1st period - Snap shot by Alexander Semin.
4:22 of 1st period - Stopped by Mike Brodeur with a rebound.
4:24 of 1st period - Slapshot by Tomas Kaberle.
4:24 of 1st period - Shot Blocked by Francis Bouillon.
5:46 of 1st period - Snap shot by Dany Heatley.
5:46 of 1st period - Shot Blocked by Derek Meech.
5:48 of 1st period - Snap shot by Dany Heatley.
5:48 of 1st period - Stopped by Craig Anderson with a rebound.
6:28 of 1st period - Slapshot by Alex Pietrangelo.
6:28 of 1st period - Stopped by Craig Anderson without a rebound.
6:29 of 1st period - Daniel Alfredsson wins face-off versus Eric Staal in Flames zone.
7:15 of 1st period - Steve Regier is hit by Tuomo Ruutu and loses puck.
7:46 of 1st period - Snap shot by Dany Heatley.
7:46 of 1st period - Stopped by Craig Anderson with a rebound.
8:09 of 1st period - David Backes is hit by Martin Samuelsson.
8:25 of 1st period - Wrist shot by Mark Bell.
8:25 of 1st period - Deflect By Lasse Kukkonen.
8:25 of 1st period - Shot Blocked by Lasse Kukkonen.
8:25 of 1st period - Puck is out of play.
8:26 of 1st period - Michal Handzus wins face-off versus Antoine Vermette in Sharks zone.
8:27 of 1st period - Snap shot by Mark Bell.
8:27 of 1st period - Stopped by Mike Brodeur with a rebound.
8:35 of 1st period - Wrist shot by Milan Hejduk.
8:35 of 1st period - Goal by Milan Hejduk - Sharks : 1 - Flames : 1.
8:36 of 1st period - Antoine Vermette wins face-off versus Eric Staal in neutral zone.
10:48 of 1st period - Jordin Tootoo is hit by Joe Sakic and loses puck.
10:55 of 1st period - Wrist shot by Steve Regier.
10:55 of 1st period - Stopped by Mike Brodeur with a rebound.
10:57 of 1st period - Wrist shot by Marcel Goc.
10:57 of 1st period - Deflect By Steve Regier.
10:57 of 1st period - Goal by Steve Regier - Sharks : 1 - Flames : 2.
10:58 of 1st period - Antoine Vermette wins face-off versus Eric Staal in neutral zone.
11:23 of 1st period - Antoine Vermette is hit by Jordin Tootoo and loses puck.
11:24 of 1st period - Antoine Vermette from Sharks is injured at 11:24 of 1st period (Back).
11:25 of 1st period - Eric Staal wins face-off versus Daniel Alfredsson in Sharks zone.
11:58 of 1st period - Joe Sakic is hit by Michal Handzus and loses puck.
12:37 of 1st period - Slapshot by Filip Kuba.
12:37 of 1st period - Stopped by Mike Brodeur with a rebound.
12:39 of 1st period - Slapshot by Craig Adams.
12:39 of 1st period - Stopped by Mike Brodeur without a rebound.
12:40 of 1st period - Eric Staal wins face-off versus Paul Gaustad in Sharks zone.
12:51 of 1st period - Wrist shot by David Backes.
12:51 of 1st period - Stopped by Mike Brodeur with a rebound.
13:35 of 1st period - Wrist shot by Marcel Goc.
13:35 of 1st period - Stopped by Mike Brodeur without a rebound.
13:36 of 1st period - Paul Gaustad wins face-off versus Eric Staal in Sharks zone.
13:36 of 1st period - Paul Gaustad is hit by Eric Staal.
14:02 of 1st period - Johnny Boychuk is hit by Michal Handzus.
14:08 of 1st period - Wrist shot by Milan Hejduk.
14:08 of 1st period - Stopped by Mike Brodeur with a rebound.
14:10 of 1st period - Wrist shot by Milan Hejduk.
14:10 of 1st period - Goal by Milan Hejduk - Sharks : 1 - Flames : 3.
14:11 of 1st period - Eric Staal wins face-off versus Paul Gaustad in neutral zone.
14:14 of 1st period - Slapshot by Steve Eminger.
14:14 of 1st period - Shot Misses the Net.
14:16 of 1st period - Slapshot by Tomas Kaberle.
14:16 of 1st period - Shot Misses the Net.
14:18 of 1st period - Wrist shot by Eric Staal.
14:18 of 1st period - Shot Hit the Post.
14:20 of 1st period - Slapshot by Tomas Kaberle.
14:20 of 1st period - Shot Blocked by Lasse Kukkonen.
14:22 of 1st period - Wrist shot by Alexander Semin.
14:22 of 1st period - Stopped by Mike Brodeur with a rebound.
14:24 of 1st period - Wrist shot by Eric Staal.
14:24 of 1st period - Stopped by Mike Brodeur with a rebound.
14:38 of 1st period - Dany Heatley is hit by Steve Eminger and loses puck.
15:47 of 1st period - Wrist shot by Ted Purcell.
15:47 of 1st period - Stopped by Craig Anderson with a rebound.
15:58 of 1st period - Minor Penalty to Daniel Alfredsson for Diving.
15:59 of 1st period - Eric Staal wins face-off versus Joe Sakic in Sharks zone.
16:57 of 1st period - Martin Samuelsson is hit by Tomas Kaberle and loses puck.
17:37 of 1st period - Icing by Filip Kuba.
17:38 of 1st period - Adam Mair wins face-off versus Eric Staal in Flames zone.
17:58 of 1st period - Penalty to Daniel Alfredsson is over, Daniel Alfredsson is back on ice.
18:11 of 1st period - Paul Gaustad is hit by Jordin Tootoo and loses puck.
18:41 of 1st period - Mark Bell is hit by Adam Mair and loses puck.
18:48 of 1st period - David Hale is hit by Filip Kuba and loses puck.
19:01 of 1st period - Slapshot by Eric Staal.
19:01 of 1st period - Stopped by Mike Brodeur without a rebound.
19:02 of 1st period - Eric Staal wins face-off versus Brandon Yip in Sharks zone.
19:03 of 1st period - Wrist shot by David Backes.
19:03 of 1st period - Stopped by Mike Brodeur with a rebound.
19:05 of 1st period - Wrist shot by Eric Staal.
19:05 of 1st period - Stopped by Mike Brodeur without a rebound.
19:06 of 1st period - Paul Gaustad wins face-off versus Alexander Semin in Sharks zone.
19:11 of 1st period - Slapshot by Alex Pietrangelo.
19:11 of 1st period - Stopped by Craig Anderson without a rebound.
19:12 of 1st period - Eric Staal wins face-off versus Paul Gaustad in Flames zone.
19:39 of 1st period - Snap shot by Milan Hejduk.
19:39 of 1st period - Stopped by Mike Brodeur with a rebound.
19:41 of 1st period - Wrist shot by Michal Handzus.
19:41 of 1st period - Stopped by Mike Brodeur with a rebound.
Goals for this period are 1 for Sharks vs 3 for Flames.
Shots for this period are 9 for Sharks vs 18 for Flames.
2nd period
0:01 of 2nd period - Alexander Semin wins face-off versus Paul Gaustad in neutral zone.
0:12 of 2nd period - Minor Penalty to Steve Eminger for Interference.
0:13 of 2nd period - Markus Naslund wins face-off versus Eric Staal in Flames zone.
0:28 of 2nd period - Slapshot by Lasse Kukkonen.
0:28 of 2nd period - Deflect By Eric Staal.
0:28 of 2nd period - Goal by Lasse Kukkonen - Sharks : 2 - Flames : 3.
0:29 of 2nd period - Ted Purcell wins face-off versus Eric Staal in neutral zone.
0:40 of 2nd period - Snap shot by Ted Purcell.
0:40 of 2nd period - Deflect By Eric Staal.
0:40 of 2nd period - Goal by Ted Purcell - Sharks : 3 - Flames : 3.
0:41 of 2nd period - Paul Gaustad wins face-off versus Eric Staal in neutral zone.
0:48 of 2nd period - Slapshot by Alexander Semin.
0:48 of 2nd period - Deflect By David Backes.
0:48 of 2nd period - Shot Misses the Net.
0:48 of 2nd period - Puck is out of play.
0:49 of 2nd period - Paul Gaustad wins face-off versus Eric Staal in Sharks zone.
1:05 of 2nd period - Off-side.
1:06 of 2nd period - Paul Gaustad wins face-off versus Michal Handzus in neutral zone.
1:41 of 2nd period - Backhand shot by David Backes.
1:41 of 2nd period - Stopped by Mike Brodeur with a rebound.
1:43 of 2nd period - Snap shot by Steve Eminger.
1:43 of 2nd period - Shot Misses the Net.
1:55 of 2nd period - Wrist shot by Niklas Sundstrom.
1:55 of 2nd period - Shot Blocked by Filip Kuba.
1:55 of 2nd period - Filip Kuba from Flames is injured at 1:55 of 2nd period (Facial Surgery).
1:56 of 2nd period - Paul Gaustad wins face-off versus Eric Staal in Flames zone.
2:09 of 2nd period - Snap shot by Paul Gaustad.
2:09 of 2nd period - Stopped by Craig Anderson with a rebound.
2:11 of 2nd period - Backhand shot by David Hale.
2:11 of 2nd period - Stopped by Craig Anderson with a rebound.
2:17 of 2nd period - Minor Penalty to Eric Staal for Hooking.
2:18 of 2nd period - David Backes wins face-off versus Markus Naslund in Flames zone.
2:59 of 2nd period - Slapshot by Alex Pietrangelo.
2:59 of 2nd period - Shot Blocked by Alexander Semin.
3:01 of 2nd period - Wrist shot by Paul Gaustad.
3:01 of 2nd period - Stopped by Craig Anderson without a rebound.
3:02 of 2nd period - Marcel Goc wins face-off versus Paul Gaustad in Flames zone.
4:17 of 2nd period - Penalty to Eric Staal is over, Eric Staal is back on ice.
4:41 of 2nd period - Icing by Adam Mair.
4:42 of 2nd period - Adam Mair wins face-off versus Michal Handzus in Sharks zone.
4:42 of 2nd period - Adam Mair is hit by Michal Handzus.
5:12 of 2nd period - Tuomo Ruutu is hit by Mikhail Grabovski and loses puck.
5:17 of 2nd period - Wrist shot by Craig Adams.
5:17 of 2nd period - Goal by Craig Adams - Sharks : 3 - Flames : 4.
5:18 of 2nd period - Paul Gaustad wins face-off versus Eric Staal in neutral zone.
5:21 of 2nd period - Tomas Kaberle is hit by Daniel Alfredsson and loses puck.
5:25 of 2nd period - Minor Penalty to Dany Heatley for Elbowing.
5:26 of 2nd period - Joe Sakic wins face-off versus Eric Staal in Sharks zone.
5:47 of 2nd period - David Hale is hit by David Backes and loses puck.
6:04 of 2nd period - Wrist shot by Patrik Berglund.
6:04 of 2nd period - Stopped by Mike Brodeur with a rebound.
6:06 of 2nd period - Slapshot by Erik Johnson.
6:06 of 2nd period - Stopped by Mike Brodeur with a rebound.
6:08 of 2nd period - Wrist shot by Patrik Berglund.
6:08 of 2nd period - Shot Misses the Net.
7:20 of 2nd period - Milan Hejduk is hit by Paul Gaustad and loses puck.
7:25 of 2nd period - Penalty to Dany Heatley is over, Dany Heatley is back on ice.
7:55 of 2nd period - Snap shot by Paul Gaustad.
7:55 of 2nd period - Deflect By Dany Heatley.
7:55 of 2nd period - Shot Misses the Net.
7:55 of 2nd period - Puck is out of play.
7:56 of 2nd period - Brandon Yip wins face-off versus Marcel Goc in Flames zone.
8:17 of 2nd period - Niklas Sundstrom is hit by Eric Staal and loses puck.
8:32 of 2nd period - Francis Bouillon is hit by Jordin Tootoo.
9:14 of 2nd period - Erik Johnson is hit by Joe Sakic and loses puck.
9:21 of 2nd period - Michal Handzus is hit by Brandon Yip and loses puck.
9:42 of 2nd period - Snap shot by Joe Sakic.
9:42 of 2nd period - Shot Misses the Net.
9:44 of 2nd period - Slapshot by David Hale.
9:44 of 2nd period - Shot Blocked by Mikhail Grabovski.
9:57 of 2nd period - Brandon Yip is hit by Michal Handzus and loses puck.
10:38 of 2nd period - Wrist shot by Joe Sakic.
10:38 of 2nd period - Shot Blocked by Ron Hainsey.
10:40 of 2nd period - Slapshot by Johnny Boychuk.
10:40 of 2nd period - Stopped by Craig Anderson without a rebound.
10:41 of 2nd period - Paul Gaustad wins face-off versus Marcel Goc in Flames zone.
10:54 of 2nd period - Slapshot by Paul Gaustad.
10:54 of 2nd period - Shot Misses the Net.
11:39 of 2nd period - Wrist shot by Alex Pietrangelo.
11:39 of 2nd period - Shot Blocked by David Backes.
11:41 of 2nd period - Snap shot by Adam Mair.
11:41 of 2nd period - Shot Misses the Net.
11:43 of 2nd period - Wrist shot by Adam Mair.
11:43 of 2nd period - Stopped by Craig Anderson without a rebound.
11:44 of 2nd period - Paul Gaustad wins face-off versus Eric Staal in Flames zone.
12:05 of 2nd period - Shaone Morrisonn is hit by Ron Hainsey.
12:35 of 2nd period - Snap shot by Eric Staal.
12:35 of 2nd period - Stopped by Mike Brodeur with a rebound.
12:41 of 2nd period - Minor Penalty to Johnny Boychuk for Hooking.
12:42 of 2nd period - Eric Staal wins face-off versus Joe Sakic in Sharks zone.
12:47 of 2nd period - Snap shot by David Backes.
12:47 of 2nd period - Stopped by Mike Brodeur with a rebound.
12:49 of 2nd period - Slapshot by David Backes.
12:49 of 2nd period - Deflect By Eric Staal.
12:49 of 2nd period - Shot Blocked by Dany Heatley.
12:49 of 2nd period - Puck is out of play.
12:50 of 2nd period - Joe Sakic wins face-off versus Eric Staal in Sharks zone.
14:07 of 2nd period - Snap shot by Alexander Semin.
14:07 of 2nd period - Stopped by Mike Brodeur with a rebound.
14:38 of 2nd period - Wrist shot by Eric Staal.
14:38 of 2nd period - Shot Misses the Net.
14:40 of 2nd period - Wrist shot by Alexander Semin.
14:40 of 2nd period - Stopped by Mike Brodeur without a rebound.
14:41 of 2nd period - Penalty to Johnny Boychuk is over, Johnny Boychuk is back on ice.
14:41 of 2nd period - Michal Handzus wins face-off versus Paul Gaustad in Sharks zone.
15:09 of 2nd period - Snap shot by Joe Sakic.
15:09 of 2nd period - Stopped by Craig Anderson without a rebound.
15:10 of 2nd period - Marcel Goc wins face-off versus Joe Sakic in Flames zone.
15:12 of 2nd period - Minor Penalty to Jordin Tootoo for Holding Stick.
15:13 of 2nd period - Dany Heatley wins face-off versus Marcel Goc in Flames zone.
15:29 of 2nd period - Off-side.
15:30 of 2nd period - Markus Naslund wins face-off versus Eric Staal in neutral zone.
17:12 of 2nd period - Penalty to Jordin Tootoo is over, Jordin Tootoo is back on ice.
17:35 of 2nd period - Craig Adams is hit by Markus Naslund and loses puck.
17:54 of 2nd period - Slapshot by Markus Naslund.
17:54 of 2nd period - Goal by Markus Naslund - Sharks : 4 - Flames : 4.
17:55 of 2nd period - Adam Mair wins face-off versus Alexander Semin in neutral zone.
18:07 of 2nd period - Minor Penalty to David Backes for Interference.
18:08 of 2nd period - Eric Staal wins face-off versus Markus Naslund in Flames zone.
18:15 of 2nd period - Off-side.
18:16 of 2nd period - Eric Staal wins face-off versus Markus Naslund in neutral zone.
18:25 of 2nd period - Snap shot by Alex Pietrangelo.
18:25 of 2nd period - Shot Blocked by Erik Johnson.
18:27 of 2nd period - Slapshot by Alex Pietrangelo.
18:27 of 2nd period - Shot Blocked by Eric Staal.
18:31 of 2nd period - Wrist shot by Ted Purcell.
18:31 of 2nd period - Stopped by Craig Anderson without a rebound.
18:32 of 2nd period - Eric Staal wins face-off versus Markus Naslund in Flames zone.
18:55 of 2nd period - Erik Johnson is hit by Daniel Alfredsson and loses puck.
Goals for this period are 3 for Sharks vs 1 for Flames.
Shots for this period are 10 for Sharks vs 8 for Flames.
3rd period
0:01 of 3rd period - Markus Naslund wins face-off versus Eric Staal in neutral zone.
0:07 of 3rd period - Penalty to David Backes is over, David Backes is back on ice.
0:12 of 3rd period - Wrist shot by Ted Purcell.
0:12 of 3rd period - Stopped by Craig Anderson without a rebound.
0:13 of 3rd period - Paul Gaustad wins face-off versus Eric Staal in Flames zone.
0:20 of 3rd period - Snap shot by David Backes.
0:20 of 3rd period - Stopped by Mike Brodeur with a rebound.
0:22 of 3rd period - Wrist shot by Alexander Semin.
0:22 of 3rd period - Stopped by Mike Brodeur without a rebound.
0:23 of 3rd period - Eric Staal wins face-off versus Paul Gaustad in Sharks zone.
0:24 of 3rd period - Snap shot by David Backes.
0:24 of 3rd period - Shot Misses the Net.
0:26 of 3rd period - Wrist shot by Eric Staal.
0:26 of 3rd period - Shot Blocked by Ted Purcell.
0:28 of 3rd period - Snap shot by David Backes.
0:28 of 3rd period - Shot Blocked by Johnny Boychuk.
0:30 of 3rd period - Wrist shot by Alexander Semin.
0:30 of 3rd period - Shot Misses the Net.
0:32 of 3rd period - Slapshot by Eric Staal.
0:32 of 3rd period - Deflect By Alexander Semin.
0:32 of 3rd period - Goal by Alexander Semin - Sharks : 4 - Flames : 5.
0:33 of 3rd period - Eric Staal wins face-off versus Paul Gaustad in neutral zone.
1:23 of 3rd period - Martin Samuelsson is hit by Mikhail Grabovski and loses puck.
1:32 of 3rd period - Snap shot by Erik Johnson.
1:32 of 3rd period - Shot Blocked by Lasse Kukkonen.
2:50 of 3rd period - Snap shot by Craig Adams.
2:50 of 3rd period - Stopped by Mike Brodeur with a rebound.
2:52 of 3rd period - Wrist shot by Mikhail Grabovski.
2:52 of 3rd period - Shot Misses the Net.
3:10 of 3rd period - Minor Penalty to Adam Mair for Hooking.
3:11 of 3rd period - David Backes wins face-off versus Joe Sakic in Sharks zone.
3:27 of 3rd period - Snap shot by Alexander Semin.
3:27 of 3rd period - Stopped by Mike Brodeur with a rebound.
3:41 of 3rd period - Lasse Kukkonen is hit by Patrik Berglund and loses puck.
5:10 of 3rd period - Penalty to Adam Mair is over, Adam Mair is back on ice.
5:20 of 3rd period - Slapshot by Jordin Tootoo.
5:20 of 3rd period - Stopped by Mike Brodeur without a rebound.
5:21 of 3rd period - Marcel Goc wins face-off versus Paul Gaustad in Sharks zone.
5:28 of 3rd period - Snap shot by Marcel Goc.
5:28 of 3rd period - Goal by Marcel Goc - Sharks : 4 - Flames : 6.
5:29 of 3rd period - Paul Gaustad wins face-off versus Eric Staal in neutral zone.
5:34 of 3rd period - Snap shot by Daniel Alfredsson.
5:34 of 3rd period - Shot Misses the Net.
7:41 of 3rd period - Snap shot by Alex Pietrangelo.
7:41 of 3rd period - Shot Misses the Net.
7:43 of 3rd period - Wrist shot by Adam Mair.
7:43 of 3rd period - Stopped by Craig Anderson without a rebound.
7:44 of 3rd period - Adam Mair wins face-off versus Marcel Goc in Flames zone.
7:44 of 3rd period - Adam Mair is hit by Erik Johnson.
7:50 of 3rd period - Slapshot by Alex Pietrangelo.
7:50 of 3rd period - Shot Blocked by Derek Meech.
7:52 of 3rd period - Snap shot by Daniel Alfredsson.
7:52 of 3rd period - Stopped by Craig Anderson without a rebound.
7:53 of 3rd period - Eric Staal wins face-off versus Paul Gaustad in Flames zone.
7:53 of 3rd period - Eric Staal is hit by Paul Gaustad.
8:00 of 3rd period - Minor Penalty to Paul Gaustad for Roughing.
8:01 of 3rd period - Eric Staal wins face-off versus Joe Sakic in Sharks zone.
9:02 of 3rd period - Patrik Berglund is hit by Markus Naslund and loses puck.
9:07 of 3rd period - Slapshot by Markus Naslund.
9:07 of 3rd period - Stopped by Craig Anderson without a rebound.
9:08 of 3rd period - Eric Staal wins face-off versus Joe Sakic in Flames zone.
10:00 of 3rd period - Penalty to Paul Gaustad is over, Paul Gaustad is back on ice.
10:48 of 3rd period - Derek Meech is hit by Tuomo Ruutu and loses puck.
11:01 of 3rd period - Steve Eminger is hit by Ted Purcell and loses puck.
11:22 of 3rd period - Slapshot by Marcel Goc.
11:22 of 3rd period - Deflect By Jordin Tootoo.
11:22 of 3rd period - Stopped by Mike Brodeur without a rebound.
11:23 of 3rd period - Paul Gaustad wins face-off versus Michal Handzus in Sharks zone.
11:23 of 3rd period - Paul Gaustad is hit by Michal Handzus.
11:33 of 3rd period - Snap shot by Paul Gaustad.
11:33 of 3rd period - Shot Misses the Net.
11:35 of 3rd period - Minor Penalty to Michal Handzus for Hooking.
11:36 of 3rd period - Eric Staal wins face-off versus Markus Naslund in Flames zone.
11:45 of 3rd period - Slapshot by Eric Staal.
11:45 of 3rd period - Deflect By Jordin Tootoo.
11:45 of 3rd period - Stopped by Mike Brodeur without a rebound.
11:46 of 3rd period - Eric Staal wins face-off versus Markus Naslund in Sharks zone.
13:35 of 3rd period - Penalty to Michal Handzus is over, Michal Handzus is back on ice.
13:42 of 3rd period - Snap shot by Jordin Tootoo.
13:42 of 3rd period - Deflect By Eric Staal.
13:42 of 3rd period - Stopped by Mike Brodeur without a rebound.
13:43 of 3rd period - Martin Samuelsson wins face-off versus Michal Handzus in Sharks zone.
13:48 of 3rd period - Backhand shot by Niklas Sundstrom.
13:48 of 3rd period - Stopped by Craig Anderson with a rebound.
13:50 of 3rd period - Wrist shot by Niklas Sundstrom.
13:50 of 3rd period - Stopped by Craig Anderson without a rebound.
13:51 of 3rd period - Michal Handzus wins face-off versus Adam Mair in Flames zone.
13:51 of 3rd period - Michal Handzus is hit by Martin Samuelsson.
13:57 of 3rd period - Snap shot by Adam Mair.
13:57 of 3rd period - Shot Blocked by Milan Hejduk.
13:59 of 3rd period - Wrist shot by David Hale.
13:59 of 3rd period - Stopped by Craig Anderson with a rebound.
14:01 of 3rd period - Snap shot by Martin Samuelsson.
14:01 of 3rd period - Stopped by Craig Anderson with a rebound.
14:03 of 3rd period - Slapshot by Martin Samuelsson.
14:03 of 3rd period - Stopped by Craig Anderson with a rebound.
14:05 of 3rd period - Slapshot by Johnny Boychuk.
14:05 of 3rd period - Stopped by Craig Anderson with a rebound.
14:23 of 3rd period - Wrist shot by Niklas Sundstrom.
14:23 of 3rd period - Shot Misses the Net.
14:25 of 3rd period - Slapshot by Johnny Boychuk.
14:25 of 3rd period - Goal by Johnny Boychuk - Sharks : 5 - Flames : 6.
14:26 of 3rd period - Eric Staal wins face-off versus Paul Gaustad in neutral zone.
14:28 of 3rd period - Off-side.
14:29 of 3rd period - Paul Gaustad wins face-off versus Eric Staal in neutral zone.
14:58 of 3rd period - Snap shot by Alex Pietrangelo.
14:58 of 3rd period - Shot Blocked by Tomas Kaberle.
15:26 of 3rd period - Snap shot by Tomas Kaberle.
15:26 of 3rd period - Stopped by Mike Brodeur with a rebound.
15:28 of 3rd period - Slapshot by Tomas Kaberle.
15:28 of 3rd period - Stopped by Mike Brodeur with a rebound.
16:04 of 3rd period - David Backes is hit by Dany Heatley and loses puck.
17:14 of 3rd period - Brandon Yip is hit by Jordin Tootoo.
17:25 of 3rd period - Icing by Steve Regier.
17:26 of 3rd period - Paul Gaustad wins face-off versus Michal Handzus in Flames zone.
18:17 of 3rd period - Wrist shot by Eric Staal.
18:17 of 3rd period - Stopped by Mike Brodeur with a rebound.
18:19 of 3rd period - Snap shot by Derek Meech.
18:19 of 3rd period - Stopped by Mike Brodeur with a rebound.
18:21 of 3rd period - Wrist shot by Alexander Semin.
18:21 of 3rd period - Shot Blocked by Joe Sakic.
18:23 of 3rd period - Snap shot by Eric Staal.
18:23 of 3rd period - Stopped by Mike Brodeur without a rebound.
18:24 of 3rd period - Dany Heatley wins face-off versus Eric Staal in Sharks zone.
18:24 of 3rd period - Dany Heatley is hit by Alexander Semin.
18:46 of 3rd period - Sharks, Mike Brodeur is pulled from the net.
18:54 of 3rd period - Snap shot by Alex Pietrangelo.
18:54 of 3rd period - Stopped by Craig Anderson with a rebound.
18:56 of 3rd period - Snap shot by Lasse Kukkonen.
18:56 of 3rd period - Shot Blocked by Erik Johnson.
18:58 of 3rd period - Wrist shot by Lasse Kukkonen.
18:58 of 3rd period - Shot Blocked by Erik Johnson.
19:16 of 3rd period - Snap shot by Dany Heatley.
19:16 of 3rd period - Shot Misses the Net.
19:18 of 3rd period - Wrist shot by Brandon Yip.
19:18 of 3rd period - Stopped by Craig Anderson without a rebound.
19:19 of 3rd period - Ted Nolan call a timeout for Sharks.
19:19 of 3rd period - Brandon Yip wins face-off versus David Backes in Flames zone.
19:20 of 3rd period - Wrist shot by Daniel Alfredsson.
19:20 of 3rd period - Shot Misses the Net.
19:49 of 3rd period - Off-side.
19:50 of 3rd period - Eric Staal wins face-off versus Brandon Yip in neutral zone.
Goals for this period are 1 for Sharks vs 2 for Flames.
Shots for this period are 13 for Sharks vs 15 for Flames.
Output by the SimonT Hockey Simulator (STHS) for François Prévost -- Original Page W3C XHTML 1.0 Valid